 Dungeon Crawl Stone Soup version 0.28.0-53-g5a82cb258f (webtiles) character file.

Game seed: 11118842848151595779

284 gobodom the Firebug (level 6, -13/47 HPs)
             Began as a Demonspawn Cinder Acolyte on June 21, 2022.
             Was a High Priest of Ignis.
             Mangled by an ogre
             ... wielding a +0 giant club
              (35 damage)
             ... on level 4 of the Dungeon.
             The game lasted 00:13:21 (5016 turns).

gobodom the Firebug (Demonspawn Cinder Acolyte)     Turns: 5016, Time: 00:13:22

Health: -13/47     AC: -2    Str: 15    XL:     6   Next: 7%
Magic:  7/10       EV: 11    Int: 15    God:    Ignis [*****.]
Gold:   67         SH:  0    Dex: 10    Spells: 8/10 levels left

rFire   + . .      SeeInvis .   a - -1 hand axe (flame)
rCold   . . .      Faith    .   (no shield)
rNeg    . . .      Spirit   .   b - +0 robe
rPois   .          Reflect  .   (helmet restricted)
rElec   .          Harm     .   (no cloak)
rCorr   .          Rampage  .   (no gloves)
Will    .....                   (no boots)
Stlth   +.........              (no amulet)
HPRegen 0.15/turn               (no ring)
MPRegen 0.12/turn               (no ring)

@: corroded
A: antennae 1, foul stench 1, demonic magic 1, demonic touch 1
a: Renounce Religion, Fiery Armour, Foxfire Swarm, Rising Flame


You were on level 4 of the Dungeon.
You worshipped Ignis.
Ignis was extremely pleased with you.
You visited 1 branch of the dungeon, and saw 4 of its levels.

You collected 67 gold pieces.

Inventory:

Hand Weapons
 a - a -1 hand axe of flaming (weapon)
 h - a +2 vampiric dagger
Missiles
 d - a curare-tipped dart
 k - 8 boomerangs
 l - 7 poisoned darts
Armour
 b - a +0 robe (worn)
 o - an orb of light
Scrolls
 c - a scroll of vulnerability {unknown}
 e - 4 scrolls of identify {unknown}
 f - a scroll of fog {unknown}
 j - 3 scrolls of teleportation {unknown}
 m - a scroll of enchant weapon {unknown}
 n - a scroll of blinking {unknown}
 q - a scroll of brand weapon {unknown}
 s - a scroll of torment {unknown}
Potions
 g - a potion of berserk rage {unknown}
 i - a potion of haste {unknown}
 p - a potion of heal wounds {unknown}
 r - a potion of ambrosia {unknown}


   Skills:
 + Level 3.5 Fighting
 + Level 3.8 Axes
 + Level 1.0 Dodging
 + Level 0.7 Stealth
 + Level 2.8 Spellcasting
 + Level 4.1 Fire Magic


You had 8 spell levels left.
You knew the following spells:

 Your Spells              Type           Power      Damage    Failure   Level
a - Scorch                Fire           28%        2d6       6%          2

Your spell library contained the following spells:

 Spells                   Type           Power      Damage    Failure   Level


Dungeon Overview and Level Annotations

Branches:
Dungeon (4/15)
 Temple: D:4-7

Altars:
Ru

Shops:
D:1 [:


Innate Abilities, Weirdness & Mutations

You have a pair of small antennae on your head.
You may rarely emit foul miasma when damaged in melee.
Spells you cast may paralyse adjacent enemies.
Your touch may inflict minor irresistible damage on your foes.


Message History

You open the door.
There is an open door here.
You start resting.
HP restored.
As you open the door, it creaks loudly!
A ball python comes into view.
The ball python hisses angrily.
Flames lash the ball python.
You kill the ball python!
Malevolent energies surge around you.
There is an open door here.
Magic restored.
There is an open door here.
There is a stone staircase leading down here.
Done exploring.
There is a stone staircase leading down here.
You climb downwards.
The jelly quivers.
The ball python hisses angrily.
Found a dagger, a cloak, a robe and 9 gold pieces.
There is a stone staircase leading up here.
Flames lash the jelly.
The jelly is heavily wounded.
The jelly's fire resistance burns away.
Malevolent energies surge around you.
The endoplasm quivers.
You hit the jelly. You burn the jelly. The acid corrodes you!
Your hands burn!
You touch the jelly.
The jelly is almost dead.
The jelly hits you.
You are splashed with acid!
You hit the jelly but do no damage.
Your hands burn!
You touch the jelly.
You kill the jelly!
You have reached level 6!
Found 5 datura-tipped darts.
The endoplasm freezes you.
You are frozen.
A hobgoblin comes into view.
Found 22 stones.
The ogre hits you with a +0 giant club!!
Ouch! That really hurt!
You die...

##.... .....
#..... #...#
......##...
.......[..
.........##
..........####
.......<...#.##
..##......O#..#
#....)JS@..#
#......[.#..#
..........##
..# ........###
.# .....$..##
.. ......... g.
......( (
......


You could see an ogre, an endoplasm, a hobgoblin (asleep) and a ball python.

Vanquished Creatures
  A jelly (D:4)
  Jessica (D:2)
  5 gnolls
  8 adders
  2 worms (D:3)
  A dart slug (D:1)
  5 orcs (D:3)
  10 ball pythons
  7 endoplasms
  2 giant cockroaches (D:2)
  9 goblins
  10 hobgoblins
  3 jackals (D:1)
  4 quokkas
  9 bats
  3 frilled lizards
  5 kobolds
  5 rats
90 creatures vanquished.

Notes
Turn   | Place    | Note
-------+----------+-------------------------------------------
     0 | D:1      | gobodom the Demonspawn Cinder Acolyte began the quest for
                  | the Orb.
     0 | D:1      | Reached XP level 1. HP: 18/18 MP: 2/2
   384 | D:1      | Found Nunwekadde's Book Shoppe.
   672 | D:1      | Discovered your monstrous ancestry.
   672 | D:1      | Gained mutation: You have a pair of small antennae on your
                  | head. [demonic ancestry]
   672 | D:1      | Reached XP level 2. HP: 24/24 MP: 3/3
   861 | D:1      | Reached skill level 3 in Fire Magic
  1210 | D:1      | Found Sopt's Armour Boutique.
  1325 | D:1      | Gained mutation: You may rarely emit foul miasma when
                  | damaged in melee. [demonic ancestry]
  1325 | D:1      | Reached XP level 3. HP: 10/29 MP: 4/4
  2501 | D:2      | Learned a level 2 spell: Scorch
  2872 | D:2      | Gained mutation: Your touch may inflict minor irresistible
                  | damage on your foes. [demonic ancestry]
  2872 | D:2      | Reached XP level 4. HP: 35/35 MP: 0/5
  3145 | D:2      | Noticed Jessica
  3149 | D:2      | Killed Jessica
  3395 | D:2      | Reached skill level 1 in Dodging
  3950 | D:3      | Gained mutation: Spells you cast may paralyse adjacent
                  | enemies. [demonic ancestry]
  3950 | D:3      | Reached XP level 5. HP: 41/41 MP: 4/7
  4078 | D:3      | Found a faded altar of an unknown god.
  4444 | D:3      | Found a sacrificial altar of Ru.
  4760 | D:3      | Reached skill level 4 in Fire Magic
  5009 | D:4      | Noticed an ogre
  5013 | D:4      | Reached XP level 6. HP: 27/47 MP: 7/10
  5016 | D:4      | Mangled by an ogre

Illustrated notes

Levels and vault maps discovered:
D:1:      lightli_iron_boxes, layout_basic, serial_shops,
          nicolae_shop_waterfront, shop
D:2:      layout_basic, minmay_3d_cube, uniq_jessica
D:3:      layout_loops_ring, nicolae_ru_the_path_less_chosen,
          shapermc_ecumenical_altar_totnotflames,
          hangedman_decor_clover_reticule, minmay_snake_closets
D:4:      layout_cave_pools, minmay_manual_moon

Skill      XL: |  1  2  3  4  5 |
---------------+----------------+-----
Fire Magic     | 3 4 |  4.1
Axes           | 3 |  3.8
Dodging        | 1 |  1.0
Spellcasting   | 2 |  2.8
Fighting       | |  3.5
Stealth        | |  0.7

Action                   |  1- 3 |  4- 6 || total
-------------------------+-------+-------++-------
Melee: Hand axe          |    96 |    52 ||   148
       Punch             |     2 |       ||     2
       Touch             |       |    10 ||    10
Throw: Dart              |     1 |       ||     1
 Cast: Scorch            |     6 |    49 ||    55
 Stab: Paralysed         |       |     3 ||     3
Armor: Robe              |    17 |    13 ||    30
Dodge: Dodged            |    52 |    38 ||    90
